 Dungeon Crawl Stone Soup version 0.16-a0-2652-gd333f3b (webtiles) character file.

4657 RobertPalmer the Merchant of Misery (level 10, -16/56 HPs)
             Began as an Octopode Necromancer on Nov 23, 2014.
             Was a Believer of Kikubaaqudgha.
             Killed from afar by a deep elf mage (22 damage)
             ... with a bolt of magma
             ... on level 10 of the Dungeon.
             The game lasted 00:39:23 (14020 turns).

RobertPalmer the Merchant of Misery (OpNe)         Turns: 14020, Time: 00:39:23

Health: -16/56     AC:  1    Str:  7    XL:     10   Next: 43%
Magic:  13/20      EV: 18    Int: 18    God:    Kikubaaqudgha [**....]
Gold:   517        SH:  0    Dex: 16    Spells: 4 memorised, 5 levels left

rFire  . . .     SeeInvis .     a - +3 spear (elec)
rCold  . . .     Clarity  .     (no shield)
rNeg   . . .     SustAb   .     (helmet restricted)
rPois  .         Gourm    .     Q - amulet of faith {!P}
rElec  .         Spirit   .     H - +1 ring of evasion
rCorr  .         Warding  .     D - ring of flight
rMut   .         Stasis   .     (no ring)
MR     .....                    (no ring)
Stlth  +++.......               (no ring)
                                (no ring)
                                (no ring)
                                (no ring)

@: drained, not resistant to hostile enchantments, fairly stealthy
A: almost no armour, amphibious, 8 rings, constrict 8, camouflage 1, gelatinous
body 1
a: Receive Corpses, Renounce Religion, Evoke Flight


You were on level 10 of the Dungeon.
You worshipped Kikubaaqudgha.
Kikubaaqudgha was pleased with you.
You were very hungry.

You visited 2 branches of the dungeon, and saw 11 of its levels.

You collected 517 gold pieces.


Innate Abilities, Weirdness & Mutations

You cannot wear most types of armour.
You are amphibious.
You can wear up to eight rings at the same time.
You can use your tentacles to constrict many enemies at once.
Your skin changes colour to match your surroundings (Stealth).
Your rubbery body absorbs attacks (AC +1).


   Skills:
 - Level 3.0(4.4) Polearms
 + Level 6.0(5.9) Staves
 - Level 8.2(7.8) Dodging
 - Level 2.6(2.2) Stealth
 - Level 3.9(3.5) Spellcasting
 - Level 9.4(8.9) Necromancy
 - Level 5.9(5.5) Evocations


You had 5 spell levels left.
You knew the following spells:

 Your Spells              Type           Power        Failure   Level  Hunger
x - Vampiric Draining     Necr           #####.....   1%          3    ###....
O - Animate Skeleton      Necr           N/A          1%          1    None
P - Regeneration          Chrm/Necr      ###.......   10%         3    ###....
X - Animate Dead          Necr           N/A          4%          4    ####...

Inventory:

Hand weapons
 a - a +3 spear of electrocution (weapon)
 b - a +0 blowgun
 S - the +10 lajatang of the Blessed Realm {slice, rF+ rN+ Str-3 Dex+3}
   (You found it on level 8 of the Dungeon)

   It inflicts extra damage upon your enemies.
   It affects your strength (-3).
   It affects your dexterity (+3).
   It protects you from fire.
   It protects you from negative energy.
Missiles
 f - 70 poisoned needles
Magical staves
 P - an uncursed staff of earth
Jewellery
 D - a ring of flight (right tentacle)
 G - an uncursed amulet of stasis
 H - a +1 ring of evasion (left tentacle)
 Q - an amulet of faith (around mantle) {!P}
Magical devices
 i - a wand of lightning (1)
 o - a wand of digging (11)
 t - a wand of confusion (25)
 M - a wand of flame (16)
 T - a wand of teleportation (6) {!d}
Scrolls
 d - a scroll of recharging
 e - 6 scrolls of remove curse
 h - a scroll of noise {!r}
 l - a scroll of enchant weapon
 r - 2 scrolls of magic mapping
 u - 3 scrolls of teleportation
Potions
 g - a potion of poison {unknown}
 m - 2 potions of agility
 n - 5 potions of curing {unknown}
 p - 2 potions of flight
 v - a potion of resistance {unknown}
 x - 2 potions of mutation {unknown}
 E - a potion of brilliance
 I - a potion of haste {unknown}
 J - a potion of magic {unknown}
 K - 4 potions of cure mutation {unknown}
Books
 w - a book of Necromancy
 R - Kikubaaqudgha's Disquisition on Evil Secrets
   (Kikubaaqudgha gifted it to you on level 8 of the Dungeon)

   Spells                             Type                      Level
   Pain                               Necromancy                   1
   Corpse Rot                         Necromancy                   2
   Sublimation of Blood               Necromancy                   2
   *Vampiric Draining                 Necromancy                   3
   Control Undead                     Necromancy                   4
 U - a book of Maledictions
Comestibles
 c - 7 bread rations
 j - 3 meat rations
 k - 2 fruits
 q - 5 beef jerkies
 s - 8 royal jellies
 z - 2 chunks of flesh {@w1}
 A - 2 slices of pizza

Dungeon Overview and Level Annotations

Branches:
Dungeon (10/15)            Temple (1/1) D:7            Lair (0/8) D:10
    Orc: D:9-12

Altars:
Ashenzari
Cheibriados
Dithmenos
Elyvilon
Fedhas
Gozag
Kikubaaqudgha
Makhleb
Nemelex Xobeh
Okawaru
Qazlal
Ru
Sif Muna
Trog
Vehumet
Xom
Yredelemnul
Zin
The Shining One

Annotations:
D:2 Grinder
D:7 exclusion: oklob plant
D:8 Maurice

#.......>.......###########
......ZZ.................#
.......Z.............###.#
....(...(e.e...........##.#
........Zr.............##.#
...##.#.....r.............#
#....##.....###+#....).
##...#...#......#...Z##
##...#@.#########...Z#
#.................Z≈≈##
#.#..##########....≈≈≈#
#...........# #.#.≈≈≈≈#
#####..##...#.# #.#≈≈≈≈≈≈
#.....>##..<'.###.#≈≈≈≈≈Z
#.#######...###...#.≈≈≈ZZ
#.............#.#....≈≈≈Z
########.#.##.#.##...≈≈≈≈


You could see a deep elf mage and an orange rat (fleeing).


Message History

Aiming: Vampiric Draining
Aim: an orange rat (lightly wounded) Nothing appears to happen.
Your iguana zombie bites the centaur zombie.
Your river rat zombie bites the deep elf mage.
The orange rat closely misses you.
You are feeling very hungry.
The centaur zombie hits your iguana zombie.
The deep elf mage casts a spell at you. The bolt of magma hits you!
The centaur zombie hits your river rat zombie.
Your iguana zombie bites the centaur zombie.
The centaur zombie hits your river rat zombie.
The orange rat bites you!!
* * * LOW HITPOINT WARNING * * *
You feel drained.
* * * LOW HITPOINT WARNING * * *
Read which item? (? for menu, Esc to quit)
As you read the scroll of fear, it crumbles to dust.
You assume a fearsome visage.
The orange rat looks frightened!
Evoke which item? (* to show all) (? for menu, Esc to quit)
Okay, then.
Drink which item? (? for menu, Esc to quit)
Okay, then.
Read which item? (? for menu, Esc to quit)
Okay, then.
The deep elf mage casts a spell at you. The bolt of magma hits you!
You die...
Kikubaaqudgha rasps: "You have failed me!
Welcome... death!"

Action                   |  1- 3 |  4- 6 |  7- 9 | 10-12 || total
-------------------------+-------+-------+-------+-------++-------
Melee: Unarmed           |    81 |    11 |       |       ||    92
       Quarterstaff      |       |    32 |       |       ||    32
       Flail             |       |    14 |       |       ||    14
       Short sword       |       |    32 |   123 |       ||   155
       Spear             |       |       |   193 |    94 ||   287
       Staff             |       |       |     7 |       ||     7
 Fire: Blowgun           |       |    10 |    18 |    17 ||    45
 Cast: Pain              |     6 |    27 |    31 |       ||    64
       Animate Skeleton  |     6 |    21 |    38 |    10 ||    75
       Regeneration      |       |     4 |       |     4 ||     8
       Vampiric Draining |       |     5 |    38 |     5 ||    48
       Animate Dead      |       |     1 |    12 |     7 ||    20
Evoke: Wand              |       |       |     8 |    23 ||    31
  Use: Potion            |       |     3 |     2 |       ||     5
       Scroll            |       |     2 |    17 |     8 ||    27
 Stab: Sleeping          |     5 |     9 |    29 |    11 ||    54
       Distracted        |       |       |     3 |       ||     3
       Confused          |       |       |     2 |     1 ||     3
  Eat: Chunk             |     4 |    10 |    26 |     4 ||    44
       Beef jerky        |       |     1 |       |     1 ||     2
       Royal jelly       |       |       |     1 |     1 ||     2
       Fruit             |       |       |       |     1 ||     1

Vault maps used:
D:1:      dpeg_arrival_rooms_with_view, serial_curves, eino_curves_02,
          eino_curves_04, moated_statue
D:2:      minitemple, nicolae_dithmenos_shadow_blocks, uniq_sigmund,
          uniq_crazy_yiuf_cottage, uniq_jessica
D:3:      first_bread, uniq_grinder, uniq_terence
D:4:      uniq_pikel
D:5:      kennysheep_small_spiral
D:6:      grunt_temple_overflow_open
D:7:      lemuel_slime, temple_hall
D:8:      uniq_duvessa, uniq_maurice, uniq_psyche
D:9:      hangedman_pestilent_swarm, nicolae_ru_sacrificial_ziggurat
D:10:     statuecave_lemuel, dpeg_lair_monsters, orc_0_dummy, serial_shops,
          nicolae_shop_waterfront, enter_trove_1, minmay_strange_pillars
Temple:   circular_temple_12

Notes
Turn   | Place    | Note
--------------------------------------------------------------
     0 | D:1      | RobertPalmer, the Octopode Necromancer, began the quest for the Orb.
     0 | D:1      | Reached XP level 1. HP: 11/11 MP: 3/3
   396 | D:1      | Reached XP level 2. HP: 4/17 MP: 2/4
   789 | D:1      | Learned a level 1 spell: Animate Skeleton
  1916 | D:2      | Noticed Sigmund
  1928 | D:2      | Noticed Jessica
  1938 | D:2      | Killed Jessica
  1938 | D:2      | Reached skill level 5 in Necromancy
  1938 | D:2      | Reached XP level 3. HP: 11/21 MP: 4/6
  2179 | D:2      | Found a glowing silver altar of Zin.
  2181 | D:2      | Found a glowing golden altar of the Shining One.
  2182 | D:2      | Found an opulent altar of Gozag.
  2300 | D:2      | Found a shadowy altar of Dithmenos.
  2311 | D:2      | Reached XP level 4. HP: 23/27 MP: 7/7
  2325 | D:2      | Learned a level 3 spell: Vampiric Draining
  2639 | D:2      | Noticed Crazy Yiuf
  2643 | D:2      | Killed Crazy Yiuf
  2848 | D:2      | Killed Sigmund
  2848 | D:2      | Reached skill level 6 in Necromancy
  2848 | D:2      | Reached XP level 5. HP: 10/31 MP: 7/9
  2949 | D:2      | Learned a level 3 spell: Regeneration
  3285 | D:3      | Noticed Grinder
  3576 | D:2      | Your ally Crazy Yiuf died
  4457 | D:3      | Noticed Terence
  4470 | D:3      | Killed Terence
  4470 | D:3      | Reached skill level 3 in Spellcasting
  4470 | D:3      | Reached XP level 6. HP: 22/36 MP: 5/12
  4750 | D:3      | Your ally Terence died
  5157 | D:4      | Learned a level 4 spell: Animate Dead
  5283 | D:4      | Noticed Pikel
  5321 | D:4      | Killed Pikel
  5321 | D:4      | Reached skill level 8 in Necromancy
  5321 | D:4      | Reached XP level 7. HP: 31/41 MP: 3/15
  5830 | D:4      | Reached XP level 8. HP: 31/46 MP: 17/17
  5841 | D:4      | Reached skill level 9 in Necromancy
  6588 | D:5      | Entered Level 5 of the Dungeon
  6999 | D:5      | Reached skill level 3 in Dodging
  7269 | D:5      | Reached skill level 4 in Dodging
  7679 | D:6      | Reached skill level 5 in Dodging
  8444 | D:6      | Reached skill level 6 in Dodging
  8483 | D:6      | Found a basalt altar of Yredelemnul.
  8486 | D:6      | Found a shadowy altar of Dithmenos.
  8486 | D:6      | Found a blossoming altar of Fedhas.
  8487 | D:6      | Found a burning altar of Makhleb.
  8891 | D:6      | Reached XP level 9. HP: 43/51 MP: 18/18
  9623 | D:7      | Reached skill level 7 in Dodging
 10280 | D:7      | Noticed an oklob plant
 10338 | D:7      | Found a staircase to the Ecumenical Temple.
 10357 | Temple   | Entered the Ecumenical Temple
 10393 | Temple   | Became a worshipper of Kikubaaqudgha
 10671 | D:7      | Reached skill level 8 in Dodging
 10981 | D:8      | Reached skill level 1 in Evocations
 11041 | D:8      | Reached skill level 2 in Evocations
 11075 | D:8      | Acquired Kikubaaqudgha's first power
 11075 | D:8      | Received a gift from Kikubaaqudgha
 11079 | D:8      | Identified Kikubaaqudgha's Disquisition on Evil Secrets (Kikubaaqudgha gifted it to you on level 8 of the Dungeon)
 11109 | D:8      | Reached skill level 3 in Evocations
 11122 | D:8      | Identified a wand of teleportation
 11256 | D:8      | Noticed Psyche
 11267 | D:8      | Killed Psyche
 11267 | D:8      | Reached skill level 5 in Evocations
 11615 | D:8      | Reached skill level 1 in Polearms
 11641 | D:8      | Noticed Duvessa
 11664 | D:8      | Reached skill level 2 in Polearms
 11689 | D:8      | Reached skill level 3 in Polearms
 11700 | D:8      | Got a blackened lajatang
 11701 | D:8      | Identified the +10 lajatang of the Blessed Realm {slice, rF+ rN+ Str-3 Dex+3} (You found it on level 8 of the Dungeon)
 11721 | D:8      | Noticed Dowan
 11727 | D:8      | Killed Duvessa
 11727 | D:8      | Reached skill level 1 in Staves
 11727 | D:8      | Reached XP level 10. HP: 41/56 MP: 3/20
 11741 | D:8      | Killed Dowan
 11752 | D:8      | Reached skill level 2 in Staves
 11874 | D:8      | Noticed Maurice
 11897 | D:8      | Your ally Dowan died
 12222 | D:9      | Noticed a brown ugly thing
 12500 | D:9      | Reached skill level 3 in Staves
 12523 | D:9      | Acquired Kikubaaqudgha's second power
 12591 | D:9      | Found a sacrificial altar of Ru.
 12625 | D:9      | Reached skill level 4 in Staves
 13203 | D:10     | Entered Level 10 of the Dungeon
 13292 | D:10     | Found a staircase to the Lair.
 13345 | D:10     | Noticed a hill giant
 13427 | D:10     | Reached skill level 5 in Staves
 14009 | D:10     | Reached skill level 6 in Staves
 14020 | D:10     | Killed from afar by a deep elf mage

Vanquished Creatures
  Pikel (D:4)
  Psyche (D:8)
  A soldier ant (D:9)
  An ice beast (D:7)
  4 slaves (D:4)
  3 phantoms
  An orc warrior (D:8)
  2 sky beasts
  An eye of draining (D:9)
  4 ogres
  A black bear (D:8)
  A boring beetle (D:9)
  4 centaurs
  A crocodile (D:10)
  2 big kobolds
  Duvessa (D:8)
  A giant frog (D:6)
  2 scorpions
  2 wights (D:10)
  4 electric eels (D:10)
  A crimson imp (D:8)
  6 goliath beetles
  4 jellies (D:7)
  6 hounds
  A centaur zombie (D:7)
  A yellow wasp zombie (D:10)
  Crazy Yiuf (D:2)
  6 orc priests
  A quasit (D:5)
  A centaur skeleton (D:9)
  3 iguanas
  5 orc wizards
  4 worker ants
  Jessica (D:2)
  Terence (D:3)
  4 gnolls (D:3)
  6 adders
  2 river rats (D:10)
  A shadow imp (D:8)
  3 worms
  3 adder skeletons
  3 giant geckos
  8 oozes
  29 orcs
  2 ball pythons
  A bat skeleton (D:7)
  2 bat zombies
  4 giant cockroaches
  9 goblins
  18 hobgoblins
  22 kobolds
  2 quokkas
  10 bats
  4 giant newts
  6 jackals
  A jackal skeleton (D:8)
  A quokka skeleton (D:5)
  A quokka zombie (D:4)
  17 rats
239 creatures vanquished.

Vanquished Creatures (collateral kills)
  A hungry ghost (D:5)
  A porcupine (D:10)
  Sigmund (D:2)
  A scorpion (D:8)
  Dowan (D:8)
  A jelly (D:8)
  2 adders
  A river rat (D:9)
  5 orcs
  A giant cockroach (D:2)
  A hobgoblin (D:3)
  A kobold (D:8)
  3 bats
  A giant gecko skeleton (D:6)
  A giant newt (D:2)
  A jackal skeleton (D:4)
  A rat (D:3)
24 creatures vanquished.

Vanquished Creatures (others)
  4 centaur skeletons
  A giant frog skeleton (D:6)
  A human zombie (D:4)
  2 sky beast zombies
  A crocodile zombie (D:10)
  A hound zombie (D:5)
  2 ogre skeletons
  A worker ant zombie (D:7)
  A scorpion zombie (D:8)
  5 orc zombies (D:8)
  An adder skeleton (D:10)
  An elf skeleton (D:8)
  A gnoll skeleton (D:2)
  2 bat skeletons
  A giant cockroach zombie (D:6)
  2 giant newt skeletons
  5 goblin skeletons
  5 hobgoblin skeletons
  2 human skeletons
  A jackal skeleton (D:6)
  8 kobold skeletons
  19 orc skeletons
  A quokka skeleton (D:9)
  4 rat skeletons
  5 fungi (D:7)
77 creatures vanquished.

Grand Total: 340 creatures vanquished
